 Dungeon Crawl Stone Soup version 0.30.0-30-g96aa6591b8 (webtiles) character file.

Game seed: 8831216038386864340

139 Sabo the Trooper (level 5, 0/42 HPs)
             Began as a Demonspawn Monk on June 26, 2023.
             Killed from afar by an orc wizard (6 damage)
             ... with a magic dart
             ... on level 3 of the Dungeon.
             The game lasted 00:10:30 (2262 turns).

Sabo the Trooper (Demonspawn Monk)                  Turns: 2262, Time: 00:10:30

Health: 0/42       AC:  8    Str: 13    XL:     5   Next: 1%
Magic:  5/5        EV:  7    Int: 12    God:
Gold:   145        SH:  0    Dex: 15    Spells: 4/4 levels left

rFire   . . .        a - +0 hand axe
rCold   . . .        d - orb {light}
rNeg    . . .        f - +0 chain mail
rPois   .            (no helmet)
rElec   .            (no cloak)
rCorr   .            (no gloves)
SInv    .            (no boots)
Will    .....        (no amulet) Stlth
                     (no ring)
HPRegen 0.27/turn    (no ring)
MPRegen 0.09/turn

%: no passive effects
@: glowing
A: ignite blood 1, demonic magic 1, weakness stinger 1
a: no special abilities


You were on level 3 of the Dungeon.
You visited 1 branch of the dungeon, and saw 3 of its levels.

You collected 145 gold pieces.

Inventory:

Hand Weapons
 a - a +0 hand axe (weapon)
Missiles
 k - 3 silver javelins (quivered)
Armour
 d - an orb of light (worn)
 f - a +0 chain mail (worn)
Scrolls
 e - a scroll of fear
Potions
 b - a potion of attraction {unknown}
 g - a potion of mutation {unknown}
 i - a potion of might {unknown}
 j - a potion of haste {unknown}
 l - a potion of flight {unknown}


   Skills:
 + Level 4.0 Fighting
 + Level 3.9 Axes
 + Level 1.3 Armour
 + Level 3.1 Dodging


You had 4 spell levels left.
You didn't know any spells.
Your spell library contained the following spells:

 Spells                   Type           Power      Damage    Failure   Level
 Apportation              Tloc           0%         N/A       100%        1
 Necrotise                Necr           0%         1d4       100%        1
 Summon Small Mammal      Summ           0%         N/A       100%        1
 Volatile Blastmotes      Fire/Tloc      0%         2d10      100%        3
 Fulminant Prism          Conj/Hex       0%         3d5       100%        4
 Iskenderun's Mystic Bla  Conj/Tloc      0%         2d3       100%        4
 Lee's Rapid Deconstruct  Erth           0%         3d4*      100%        5


Dungeon Overview and Level Annotations

Branches:
Dungeon (3/15)

Altars:

Shops:
D:3 (


Innate Abilities, Weirdness & Mutations

Your demonic aura sometimes causes spilled blood to erupt in flames.
Spells you cast may paralyse adjacent enemies.
You have a small tail.


Message History

The orc wizard hits you but does no damage.
The orc hits you but does no damage.
You hit the orc but do no damage.
The orc is heavily wounded.
You hit the orc wizard but do no damage.
The orc wizard completely misses you. The orc hits you with a +0 mace.
* * * LOW HITPOINT WARNING * * *
You hit the orc but do no damage.
The orc is heavily wounded.
You barely miss the orc wizard.
The orc wizard hits you but does no damage.
The orc barely misses you.
You hit the orc but do no damage.
The orc is heavily wounded.
You hit the orc wizard. The orc wizard casts a spell at you.
You resist with some effort. The orc hits you with a +0 mace.
* * * LOW HITPOINT WARNING * * *
You hit the orc.
You kill the orc!
You closely miss the orc wizard.
The orc wizard hits you but does no damage.
The orc wizard hits you but does no damage.
Things that are here:
a +0 mace; a +0 chain mail You hit the orc wizard but do no damage.
The orc wizard is severely wounded.
The orc wizard hits you but does no damage.
You barely miss the orc wizard.
The orc wizard is severely wounded.
The orc wizard hits you but does no damage.
You barely miss the orc wizard. You tail-slap the orc wizard.
The orc wizard is severely wounded.
The orc wizard mumbles some strange words.
The orc wizard flickers and vanishes for a moment.
You hit the orc wizard but do no damage.
The orc wizard is severely wounded.
The orc wizard points at you and mumbles some strange words.
The magic dart hits you.
You die...

####### .......##
........##########
.......)........(#
.......)..........
r......o@........#
............>..<.#
.................#
.................#
.......##..##.##.#
####### ##.##.# .
#.##.# .# #.##.#
.# #....## ..


You could see an orc wizard (invisible).

Vanquished Creatures
  An orc priest (D:3)
  4 adders (D:2)
  A worm (D:2)
  2 dart slugs
  3 orcs (D:3)
  5 bats
  8 endoplasms
  6 goblins (D:1)
  9 hobgoblins
  2 jackals (D:2)
  3 quokkas
  9 ball pythons
  4 frilled lizards
  2 kobolds (D:2)
  2 rats
61 creatures vanquished.

Notes
Turn   | Place    | Note
-------+----------+-------------------------------------------
     0 | D:1      | Sabo the Demonspawn Monk began the quest for the Orb.
     0 | D:1      | Reached XP level 1. HP: 18/18 MP: 1/1
   377 | D:1      | Gained mutation: Your demonic aura sometimes causes spilled
                  | blood to erupt in flames. [demonic ancestry]
   377 | D:1      | Reached XP level 2. HP: 22/24 MP: 2/2
   492 | D:1      | You fall into a shaft and drop 1 floor!
   528 | D:1      | Found a faded altar of an unknown god.
   886 | D:1      | Gained mutation: You have a small tail. [demonic ancestry]
   886 | D:1      | Reached XP level 3. HP: 29/29 MP: 3/3
  1646 | D:2      | Reached skill level 1 in Armour
  1646 | D:2      | Reached XP level 4. HP: 37/37 MP: 4/4
  2172 | D:3      | Found Cinkaos's Antique Weapon Shop.
  2246 | D:3      | Reached skill level 4 in Fighting
  2246 | D:3      | HP: 1/37 [orc/+0 mace (7)]
  2249 | D:3      | Gained mutation: Spells you cast may paralyse adjacent
                  | enemies. [demonic ancestry]
  2249 | D:3      | Reached XP level 5. HP: 2/42 MP: 5/5
  2262 | D:3      | Killed from afar by an orc wizard

Illustrated notes

Levels and vault maps discovered:
D:1:      lemuel_arrival_river_ford, layout_loops_corners,
          ebering_ecumenical_altar_webs
D:2:      layout_loops_ring
D:3:      layout_rooms, nicolae_overflow_hidden_temple, serial_shops,
          shop_fountains, kennysheep_cross_room

Skill      XL: |  1  2  3  4 |
---------------+-------------+-----
Axes           | 3 |  3.9
Dodging        | 3 |  3.1
Armour         | 1 |  1.3
Fighting       | 4 |  4.0

Action                     |  1- 3 |  4- 6 || total
---------------------------+-------+-------++-------
  Melee: Hand axe          |   100 |    60 ||   160
         Tailslap          |     6 |     9 ||    15
    Use: Scroll            |     2 |     1 ||     3
         Potion            |       |     3 ||     3
 Armour: Chain mail        |    65 |    49 ||   114
  Dodge: Dodged            |    31 |    32 ||    63
